 Dungeon Crawl Stone Soup version 0.28.0-47-ge53b351184 (webtiles) character file.

Game seed: 7380652597839808524

3 joe1234567 the Grasshopper (level 1, 0/17 HPs)
             Began as a Barachi Warper on May 7, 2022.
             Slain by a hobgoblin (3 damage)
             ... on level 1 of the Dungeon.
             The game lasted 00:01:55 (377 turns).

joe1234567 the Grasshopper (Barachi Warper)          Turns: 377, Time: 00:01:56

Health: 0/17       AC:  3    Str: 12    XL:     1   Next: 50%
Magic:  3/3        EV: 11    Int: 13    God:
Gold:   7          SH:  0    Dex: 11    Spells: 4/4 levels left

rFire   . . .      SeeInvis .   a - +0 falchion
rCold   . . .      Faith    .   (no shield)
rNeg    . . .      Spirit   .   b - +0 leather armour
rPois   .          Reflect  .   (no helmet)
rElec   .          Harm     .   (no cloak)
rCorr   .          Rampage  .   (no gloves)
Will    .....                   (no boots)
Stlth   +.........              (no amulet)
HPRegen 0.05/turn               (no ring)
MPRegen 0.08/turn               (no ring)

@: slow
A: amphibious, slowness 1, strong legs 1, +LOS
a: Hop


You were on level 1 of the Dungeon.
You visited 1 branch of the dungeon, and saw 1 of its levels.

You collected 7 gold pieces.

Inventory:

Hand Weapons
 a - a +0 falchion (weapon)
Missiles
 d - 5 boomerangs of dispersal (quivered)
Armour
 b - a +0 leather armour (worn)
Scrolls
 c - a scroll of blinking
 f - a scroll of magic mapping {unknown}
Potions
 e - a potion of invisibility {unknown}


   Skills:
 + Level 2.6 Fighting
 + Level 2.4 Long Blades
 + Level 1.0 Throwing
 + Level 1.2 Armour
 + Level 2.1 Dodging
 + Level 2.1 Spellcasting
 + Level 3.4 Translocations


You had 4 spell levels left.
You didn't know any spells.
Your spell library contained the following spells:

 Spells                   Type           Power      Damage    Failure   Level
 Blink                    Tloc           20%        N/A       12%         2
 Gell's Gravitas          Tloc           10%        N/A       22%         3
 Lesser Beckoning         Tloc           10%        N/A       22%         3
 Teleport Other           Tloc           10%        N/A       22%         3
 Manifold Assault         Tloc           10%        N/A       91%         5


Dungeon Overview and Level Annotations

Branches:
Dungeon (1/15)

Altars:


Innate Abilities, Weirdness & Mutations

You are amphibious.
You cover ground slowly.
You can hop short distances.
You have an extended range of vision and can be seen from far away.


Message History

The hobgoblin is severely wounded.
The hobgoblin hits you but does no damage.
The hobgoblin hits you. The hobgoblin misses you.
The hobgoblin barely misses you. The hobgoblin closely misses you.
The hobgoblin hits you.
The hobgoblin hits you but does no damage.
The hobgoblin closely misses you.
The hobgoblin hits you but does no damage.
The hobgoblin closely misses you. The hobgoblin hits you.
The hobgoblin hits you. The hobgoblin misses you.
The hobgoblin barely misses you.
The hobgoblin hits you but does no damage. x2
The hobgoblin barely misses you.
The hobgoblin hits you but does no damage.
The hobgoblin closely misses you. The hobgoblin misses you.
You hit the hobgoblin.
You kill the hobgoblin!
The hobgoblin hits you. The hobgoblin closely misses you.
You see here a hobgoblin corpse.
The hobgoblin closely misses you. The hobgoblin completely misses you.
The hobgoblin closely misses you.
You see here a hobgoblin corpse.
The hobgoblin closely misses you. The hobgoblin hits you.
You see here a hobgoblin corpse.
The hobgoblin barely misses you.
The hobgoblin hits you but does no damage.
The hobgoblin closely misses you.
You see here a hobgoblin corpse.
The hobgoblin barely misses you. The hobgoblin hits you.
* * * LOW HITPOINT WARNING * * *
You see here a hobgoblin corpse.
The hobgoblin misses you. The hobgoblin hits you.
* * * LOW HITPOINT WARNING * * *
You see here a hobgoblin corpse.
The hobgoblin hits you.
You die...

.### .. ## .... ... ....
#.. ...# .##...# .. ...#
......# .. ...### ..#...#.
.#+#....# ####.... ..#....#
..8.... ####.#....#
..#.....# # #....#.)..#####
..#.....#.# #.#.@†.........
..#...$.#.###.#..g#+##.####
..8...............#+##+##
#.##....#+####...........
..##.......# #...#.......
...........#####'#.......
..................#+##+##
........#.........#
..#.....#.........#+##.#


You could see a hobgoblin.

Vanquished Creatures
  A ball python (D:1)
  A hobgoblin (D:1)
  A rat (D:1)
3 creatures vanquished.

Notes
Turn   | Place    | Note
-------+----------+-------------------------------------------
     0 | D:1      | joe1234567 the Barachi Warper began the quest for the Orb.
     0 | D:1      | Reached XP level 1. HP: 17/17 MP: 3/3
   377 | D:1      | Slain by a hobgoblin

Illustrated notes

Levels and vault maps discovered:
D:1:      scummos_arrival_simple_crosswalls, layout_basic,
          minmay_misc_feat_encased

Action                   || total
-------------------------++-------
Melee: Falchion          ||     6
Armor: Leather armour    ||    10
Dodge: Dodged            ||    24
